Red Wings vs Blackhawks

Created - May 10, 2017 at 23:46

Goals
1 2 3 T
Red Wings 0 4 1 5
Blackhawks 1 1 1 3
Shots
1 2 3 T
Red Wings 11 20 4 35
Blackhawks 17 8 15 40

1st period

1. Blackhawks , Patrick Kane 55 (Derick Brassard 62) at 12:16 (PP)

Penalties :
Rick Nash (Det) for Interference (Minor) at 11:57

2nd period

2. Blackhawks , Oleg Saprykin 10 (Carson Mcmillan 8, Denis Grebeshkov 27) at 7:17
3. Red Wings , Ole-Kristian Tollefsen 5 (Nate Thompson 12, Mike Brown 8) at 8:16
4. Red Wings , Mike Richards 45 (Rick Nash 66, Jiri Fischer 18) at 9:04
5. Red Wings , Phil Kessel 40 (Mike Richards 84, Rick Nash 67) at 10:02 (PP)
6. Red Wings , Phil Kessel 41 (Mike Richards 85, Rick Nash 68) at 11:03 (PP)

Penalties :
Antoine Roussel (Chi) for Holding (Minor) at 0:52, Jason Pominville (Chi) for Holding (Minor) at 9:28, Joni Pitkanen (Chi) for Tripping (Minor) at 9:50

3rd period

7. Red Wings , Mike Richards 46 (Phil Kessel 56, Rick Nash 69) at 5:15 (PP)
8. Blackhawks , Carson Mcmillan 8 (Oleg Saprykin 12, Kyle Brodziak 10) at 17:05

Penalties :
Derick Brassard (Chi) for Goalie Interference (Minor) at 1:32, Kurt Sauer (Chi) for Roughing (Minor) at 4:34, Tomas Fleischmann (Chi) for Tripping (Minor) at 7:15

Goalie Stats

Ilya Bryzgalov (Det), 37 saves from 40 shots - (0.925), W, 14-13-2, 60:00 minutes
Jimmy Howard (Chi), 30 saves from 35 shots - (0.857), L, 37-22-5, 60:00 minutes

Players Stats for Red Wings

Player Name              G  A  P  +/- PIM S  H  SB GA TA FO     MP     PP MP  PK MP  
------------------------------------------------------------------------------------
Adam Henrique            0  0  0   0  0   0  0  0  0  1  4/7    13:47   2:49   0:00 
Ales Hemsky              0  0  0   0  0   1  0  0  0  1  0/0    11:44   0:08   0:00 
Alex Picard              0  0  0   0  0   3  0  1  0  0  1/1    11:21   0:08   0:00 
Brendan Bell             0  0  0   1  0   0  0  3  0  3  0/0    13:01   0:00   0:00 
Filip Kuba               0  0  0  -1  0   1  1  0  0  1  0/0    21:46   2:26   0:00 
Jiri Fischer             0  1  1   0  0   1  0  2  0  0  0/0    19:04   0:00   0:06 
Mike Brown               0  1  1  -1  0   0  0  0  0  0  1/2     9:14   0:08   0:06 
Mike Richards            2  2  4   1  0   8  2  1  0  0  12/24  20:51   5:16   0:00 
Nate Thompson            0  1  1  -1  0   4  1  0  0  0  1/2     8:48   0:00   0:00 
Ole-Kristian Tollefsen   1  0  1   0  0   2  3  1  1  0  0/0    25:07   5:47   0:13 
Phil Kessel              2  1  3   1  0   6  1  1  0  3  0/2    20:51   5:16   0:00 
Rick Nash                0  4  4   1  2   1  2  1  3  1  1/3    20:50   5:16   0:00 
Sean Bergenheim          0  0  0   0  0   2  1  1  0  0  0/0    18:54   2:49   0:13 
Shea Weber               0  0  0  -1  0   1  2  3  0  1  0/0    25:50   5:47   0:13 
Steve Downie             0  0  0   0  0   2  2  1  1  0  0/0    18:24   2:49   0:06 
Tim Ramholt              0  0  0   1  0   1  0  0  0  0  0/0    12:46   0:00   0:06 
Tye McGinn               0  0  0  -1  0   0  2  0  0  0  0/0     8:48   0:00   0:00 
Tyler Johnson            0  0  0   0  0   2  0  1  1  0  9/16   18:34   2:26   0:13 

Players Stats for Blackhawks

Player Name              G  A  P  +/- PIM S  H  SB GA TA FO     MP     PP MP  PK MP  
------------------------------------------------------------------------------------
Antoine Roussel          0  0  0   0  2   2  2  1  0  1  0/0    18:51   0:19   0:00 
Carson Mcmillan          1  1  2   2  0   3  1  1  1  0  0/0    10:07   0:00   2:01 
Chad Larose              0  0  0  -1  0   6  0  1  0  0  0/0    16:32   0:00   5:09 
Dave Tanabe              0  0  0   0  0   1  0  2  0  0  0/0    12:45   0:00   0:00 
Denis Grebeshkov         0  1  1  -1  0   2  3  1  2  0  0/0    18:29   0:00   1:13 
Derick Brassard          0  1  1   0  2   3  3  0  2  0  14/27  18:49   0:19   0:00 
Ian White                0  0  0   1  0   0  1  0  1  0  0/0    28:20   0:19   6:11 
Jason Pominville         0  0  0  -1  2   2  1  0  1  1  0/0    13:27   0:00   0:00 
Jonathan Toews           0  0  0  -1  0   1  1  0  0  0  4/9    16:06   0:00   2:01 
Joni Pitkanen            0  0  0   1  2   2  3  1  0  0  0/0    27:06   0:19   4:57 
Kurt Sauer               0  0  0  -1  2   0  1  1  0  0  0/0    18:54   0:00   2:02 
Kyle Brodziak            0  1  1   2  0   1  1  0  1  0  0/2     7:29   0:00   0:00 
Oleg Saprykin            1  1  2   2  0   2  1  0  0  0  0/0     8:58   0:00   0:51 
Patrick Kane             1  0  1   0  0   5  1  1  2  0  2/3    18:30   0:19   0:00 
Peter Regin              0  0  0  -1  0   4  2  0  1  1  8/16   16:26   0:00   5:21 
Ryan Hollweg             0  0  0  -1  0   4  1  1  0  0  0/0    14:39   0:00   0:51 
Ryan O'Byrne             0  0  0   0  0   0  0  0  0  3  0/0    14:24   0:00   2:02 
Tomas Fleischmann        0  0  0  -1  2   2  0  1  0  0  0/0    11:37   0:00   0:00 

3 Stars

1 - Mike Richards (Det)
2 - Phil Kessel (Det)
3 - Carson Mcmillan (Chi)

Power Play

Red Wings - 3 on 6 Attempt(s) - 50.00%
Blackhawks - 1 on 1 Attempt(s) - 100.00%

Penalty Kill

Red Wings - 0 on 1 Attempt(s) - 0.00% - Score 0 goal in Penalty Kill
Blackhawks - 3 on 6 Attempt(s) - 50.00% - Score 0 goal in Penalty Kill

Team Stat

Red Wings - Hits : 17 - Faceoff Wins : 29 - Blocked Shots : 16 - Penalty Minutes : 2
Blackhawks - Hits : 22 - Faceoff Wins : 28 - Blocked Shots : 11 - Penalty Minutes : 12

Official

Referees : Rooney Chris and LaRue Dennis
Linesman : Pierre Racicot and Tim Nowak

Game Notes

No Game Note

Finance

Level 1 -- Attendance: 4844 (80.73%) -- Ticket Income $450,492
Level 2 -- Attendance: 3834 (76.68%) -- Ticket Income $222,372
Level 3 -- Attendance: 1326 (66.30%) -- Ticket Income $49,062
Level 4 -- Attendance: 2538 (63.45%) -- Ticket Income $65,988
Luxury Box -- Attendance: 800 (80.00%) -- Ticket Income $138,400
Game was played at the Rexall Place.
Total Attendance: 13342 (74.12%)
Total Ticket Income: $926,314
Other Income: $138,947
Total Income: $1,065,261

Red Wings

5 vs 5 Forward 
   Center                   Left Wing                Right Wing               Time % Phy DF OF 
 1 Mike Richards            Rick Nash                Phil Kessel              35     0   2  3  
 2 Tyler Johnson            Sean Bergenheim          Steve Downie             35     0   2  3  
 3 Adam Henrique            Alex Picard              Ales Hemsky              20     0   3  2  
 4 Nate Thompson            Tye McGinn               Mike Brown               10     1   2  2  

5 vs 5 Defense 
   Defense                  Defense                                           Time % Phy DF OF 
 1 Shea Weber               Filip Kuba                                        40     0   3  2  
 2 Jiri Fischer             Ole-Kristian Tollefsen                            35     0   3  2  
 3 Brendan Bell             Tim Ramholt                                       15     1   3  1  
 4 Brendan Bell             Tim Ramholt                                       10     1   3  1  

PowerPlay Forward 
   Center                   Left Wing                Right Wing               Time % Phy DF OF 
 1 Mike Richards            Rick Nash                Phil Kessel              60     0   1  4  
 2 Adam Henrique            Sean Bergenheim          Steve Downie             40     0   1  4  

PowerPlay Defense
   Defense                  Defense                                           Time % Phy DF OF 
 1 Shea Weber               Ole-Kristian Tollefsen                            60     0   2  3  
 2 Filip Kuba               Tyler Johnson                                     40     0   2  3  

Penalty Kill 4 Players Forward 
   Center                   Wing                     Time % Phy DF OF 
 1 Tyler Johnson            Sean Bergenheim          50     1   2  2  
 2 Rick Nash                Steve Downie             50     1   2  2  

Penalty Kill 4 Players Defense
   Defense                  Defense                  Time % Phy DF OF 
 1 Shea Weber               Ole-Kristian Tollefsen   50     1   2  2  
 2 Jiri Fischer             Tim Ramholt              50     1   2  2  

Penalty Kill - 3 Players Forward 
   Forward                                           Time % Phy DF OF 
 1 Tyler Johnson                                     60     1   2  2  
 2 Steve Downie                                      40     1   2  2  

Penalty Kill - 3 Players Defense
   Defense                  Defense                  Time % Phy DF OF 
 1 Shea Weber               Ole-Kristian Tollefsen   50     1   2  2  
 2 Jiri Fischer             Tim Ramholt              50     1   2  2  

4 vs 4 Forward 
   Center                   Wing                     Time % Phy DF OF 
 1 Mike Richards            Rick Nash                60     1   2  2  
 2 Phil Kessel              Sean Bergenheim          40     1   2  2  

4 vs 4 Defense
   Defense                  Defense                  Time % Phy DF OF 
 1 Shea Weber               Ole-Kristian Tollefsen   60     1   2  2  
 2 Jiri Fischer             Filip Kuba               40     1   2  2  

Last Minutes Offensive
   Center                   Left Wing                Right Wing               Defense                  Defense                  
   Mike Richards            Rick Nash                Phil Kessel              Shea Weber               Ole-Kristian Tollefsen   

Last Minutes Defensive
   Center                   Left Wing                Right Wing               Defense                  Defense                  
   Tyler Johnson            Rick Nash                Steve Downie             Shea Weber               Ole-Kristian Tollefsen   

Goaltenders
Starting : Ilya Bryzgalov           
Backup : Michal Neuvirth          

Extra Forwards
Normal : Rick Nash, Sean Bergenheim, Tyler Johnson - PP : Steve Downie, Ales Hemsky - PK : Mike Brown
Extra Defensemen
Normal : Shea Weber, Filip Kuba, Brendan Bell - PP : Brendan Bell - PK : Filip Kuba, Brendan Bell
Penalty Shots
Rick Nash, Mike Richards, Steve Downie, Shea Weber, Phil Kessel

Scratches
Marc Savard (Back Spasms Injury)

Blackhawks

5 vs 5 Forward 
   Center                   Left Wing                Right Wing               Time % Phy DF OF 
 1 Derick Brassard          Antoine Roussel          Patrick Kane             40     1   2  2  
 2 Jonathan Toews           Ryan Hollweg             Jason Pominville         30     1   2  2  
 3 Peter Regin              Tomas Fleischmann        Chad Larose              20     1   2  2  
 4 Kyle Brodziak            Oleg Saprykin            Carson Mcmillan          10     1   2  2  

5 vs 5 Defense 
   Defense                  Defense                                           Time % Phy DF OF 
 1 Ian White                Joni Pitkanen                                     40     1   2  2  
 2 Kurt Sauer               Denis Grebeshkov                                  30     1   2  2  
 3 Ryan O'Byrne             Dave Tanabe                                       20     1   2  2  
 4 Ian White                Joni Pitkanen                                     10     1   2  2  

PowerPlay Forward 
   Center                   Left Wing                Right Wing               Time % Phy DF OF 
 1 Derick Brassard          Antoine Roussel          Patrick Kane             60     1   2  2  
 2 Jonathan Toews           Ryan Hollweg             Jason Pominville         40     1   2  2  

PowerPlay Defense
   Defense                  Defense                                           Time % Phy DF OF 
 1 Ian White                Joni Pitkanen                                     60     1   2  2  
 2 Kurt Sauer               Denis Grebeshkov                                  40     1   2  2  

Penalty Kill 4 Players Forward 
   Center                   Wing                     Time % Phy DF OF 
 1 Peter Regin              Chad Larose              60     1   2  2  
 2 Jonathan Toews           Carson Mcmillan          40     1   2  2  

Penalty Kill 4 Players Defense
   Defense                  Defense                  Time % Phy DF OF 
 1 Ian White                Joni Pitkanen            60     1   2  2  
 2 Kurt Sauer               Ryan O'Byrne             40     1   2  2  

Penalty Kill - 3 Players Forward 
   Forward                                           Time % Phy DF OF 
 1 Peter Regin                                       60     1   2  2  
 2 Jonathan Toews                                    40     1   2  2  

Penalty Kill - 3 Players Defense
   Defense                  Defense                  Time % Phy DF OF 
 1 Ian White                Joni Pitkanen            60     1   2  2  
 2 Kurt Sauer               Ryan O'Byrne             40     1   2  2  

4 vs 4 Forward 
   Center                   Wing                     Time % Phy DF OF 
 1 Derick Brassard          Patrick Kane             60     1   2  2  
 2 Jonathan Toews           Antoine Roussel          40     1   2  2  

4 vs 4 Defense
   Defense                  Defense                  Time % Phy DF OF 
 1 Ian White                Joni Pitkanen            60     1   2  2  
 2 Kurt Sauer               Denis Grebeshkov         40     1   2  2  

Last Minutes Offensive
   Center                   Left Wing                Right Wing               Defense                  Defense                  
   Derick Brassard          Antoine Roussel          Patrick Kane             Ian White                Joni Pitkanen            

Last Minutes Defensive
   Center                   Left Wing                Right Wing               Defense                  Defense                  
   Derick Brassard          Antoine Roussel          Patrick Kane             Ian White                Joni Pitkanen            

Goaltenders
Starting : Jimmy Howard             
Backup : Al Montoya               

Extra Forwards
Normal : Tomas Fleischmann, Antoine Roussel, Oleg Saprykin - PP : Patrick Kane, Derick Brassard - PK : Oleg Saprykin
Extra Defensemen
Normal : Joni Pitkanen, Denis Grebeshkov, Kurt Sauer - PP : Joni Pitkanen - PK : Denis Grebeshkov, Kurt Sauer
Penalty Shots
Patrick Kane, Jason Pominville, Derick Brassard, Jonathan Toews, Antoine Roussel

Scratches
None


% Time on Ice - Red Wings

Lines # - Real PCT - Wanted PCT - Time Play
Normal Forward
1 - 32% - 35% - 16:18
2 - 30% - 35% - 15:29
3 - 21% - 20% - 10:53
4 - 17% - 10% - 8:48
Normal Defense
1 - 39% - 40% - 20:08
2 - 36% - 35% - 18:40
3 - 16% - 15% - 8:05
4 - 9% - 10% - 4:35
PP Forward
1 - 66% - 60% - 5:24
2 - 34% - 40% - 2:49
PP Defense
1 - 70% - 60% - 5:47
2 - 30% - 40% - 2:26
PK Forward
1 - 68% - 50% - 0:13
2 - 32% - 50% - 0:06
PK Defense
1 - 68% - 50% - 0:13
2 - 32% - 50% - 0:06
PK3 Forward
1 - 0% - 60%
2 - 0% - 40%
PK3 Defense
1 - 0% - 50%
2 - 0% - 50%
44 Forward
1 - 0% - 60%
2 - 0% - 40%
44 Defense
1 - 0% - 60%
2 - 0% - 40%
Last Minute Offensive  - 0:00
Last Minute Defensive  - 0:00
Total
Forward - 60:00
Defense - 60:00

% Time on Ice - Blackhawks

Lines # - Real PCT - Wanted PCT - Time Play
Normal Forward
1 - 37% - 40% - 18:49
2 - 27% - 30% - 14:05
3 - 22% - 20% - 11:05
4 - 15% - 10% - 7:29
Normal Defense
1 - 37% - 40% - 19:04
2 - 35% - 30% - 17:52
3 - 23% - 20% - 11:46
4 - 5% - 10% - 2:46
PP Forward
1 - 100% - 60% - 0:19
2 - 0% - 40% - 0:00
PP Defense
1 - 100% - 60% - 0:19
2 - 0% - 40% - 0:00
PK Forward
1 - 75% - 60% - 6:00
2 - 25% - 40% - 2:01
PK Defense
1 - 75% - 60% - 5:59
2 - 25% - 40% - 2:02
PK3 Forward
1 - 100% - 60% - 0:12
2 - 0% - 40% - 0:00
PK3 Defense
1 - 100% - 60% - 0:12
2 - 0% - 40% - 0:00
44 Forward
1 - 0% - 60%
2 - 0% - 40%
44 Defense
1 - 0% - 60%
2 - 0% - 40%
Last Minute Offensive  - 0:00
Last Minute Defensive  - 0:00
Total
Forward - 60:00
Defense - 60:00

Play by Play

1st period


0:01 of 1st period - Mike Richards wins face-off versus Derick Brassard in neutral zone.
0:14 of 1st period - Wrist shot by Phil Kessel.
0:14 of 1st period - Stopped by Jimmy Howard with a rebound.
0:33 of 1st period - Slapshot by Tyler Johnson.
0:33 of 1st period - Shot Blocked by Ryan Hollweg.
0:35 of 1st period - Slapshot by Jiri Fischer.
0:35 of 1st period - Stopped by Jimmy Howard with a rebound.
0:37 of 1st period - Wrist shot by Sean Bergenheim.
0:37 of 1st period - Shot Blocked by Joni Pitkanen.
1:39 of 1st period - Snap shot by Rick Nash.
1:39 of 1st period - Shot Hit the Post.
1:53 of 1st period - Snap shot by Jonathan Toews.
1:53 of 1st period - Shot Misses the Net.
2:31 of 1st period - Snap shot by Ales Hemsky.
2:31 of 1st period - Shot Blocked by Dave Tanabe.
2:57 of 1st period - Rick Nash is hit by Joni Pitkanen and loses puck.
3:01 of 1st period - Icing by Filip Kuba.
3:02 of 1st period - Jonathan Toews wins face-off versus Mike Richards in Red Wings zone.
3:19 of 1st period - Brendan Bell is hit by Ryan Hollweg and loses puck.
3:42 of 1st period - Wrist shot by Steve Downie.
3:42 of 1st period - Stopped by Jimmy Howard with a rebound.
4:09 of 1st period - Wrist shot by Tomas Fleischmann.
4:09 of 1st period - Shot Blocked by Brendan Bell.
4:43 of 1st period - Snap shot by Nate Thompson.
4:43 of 1st period - Shot Misses the Net.
5:10 of 1st period - Wrist shot by Phil Kessel.
5:10 of 1st period - Shot Misses the Net.
5:44 of 1st period - Wrist shot by Tyler Johnson.
5:44 of 1st period - Stopped by Jimmy Howard with a rebound.
6:24 of 1st period - Slapshot by Tye McGinn.
6:24 of 1st period - Deflect By Mike Richards.
6:24 of 1st period - Stopped by Jimmy Howard without a rebound.
6:25 of 1st period - Mike Richards wins face-off versus Derick Brassard in Blackhawks zone.
6:35 of 1st period - Off-side.
6:36 of 1st period - Tyler Johnson wins face-off versus Derick Brassard in neutral zone.
7:03 of 1st period - Joni Pitkanen is hit by Rick Nash and loses puck.
7:51 of 1st period - Wrist shot by Tomas Fleischmann.
7:51 of 1st period - Shot Misses the Net.
7:53 of 1st period - Slapshot by Kurt Sauer.
7:53 of 1st period - Shot Blocked by Steve Downie.
7:55 of 1st period - Slapshot by Denis Grebeshkov.
7:55 of 1st period - Stopped by Ilya Bryzgalov without a rebound.
7:56 of 1st period - Derick Brassard wins face-off versus Mike Richards in Red Wings zone.
7:59 of 1st period - Slapshot by Derick Brassard.
7:59 of 1st period - Shot Blocked by Brendan Bell.
8:43 of 1st period - Snap shot by Nate Thompson.
8:43 of 1st period - Stopped by Jimmy Howard with a rebound.
8:45 of 1st period - Wrist shot by Tye McGinn.
8:45 of 1st period - Shot Blocked by Carson Mcmillan.
8:51 of 1st period - Snap shot by Nate Thompson.
8:51 of 1st period - Stopped by Jimmy Howard without a rebound.
8:52 of 1st period - Tyler Johnson wins face-off versus Derick Brassard in Blackhawks zone.
9:01 of 1st period - Snap shot by Steve Downie.
9:01 of 1st period - Shot Blocked by Patrick Kane.
9:44 of 1st period - Snap shot by Adam Henrique.
9:44 of 1st period - Shot Misses the Net.
10:04 of 1st period - Wrist shot by Kyle Brodziak.
10:04 of 1st period - Shot Blocked by Sean Bergenheim.
10:06 of 1st period - Slapshot by Denis Grebeshkov.
10:06 of 1st period - Shot Blocked by Brendan Bell.
10:08 of 1st period - Snap shot by Oleg Saprykin.
10:08 of 1st period - Stopped by Ilya Bryzgalov with a rebound.
10:20 of 1st period - Snap shot by Steve Downie.
10:20 of 1st period - Shot Blocked by Denis Grebeshkov.
11:06 of 1st period - Wrist shot by Peter Regin.
11:06 of 1st period - Stopped by Ilya Bryzgalov with a rebound.
11:08 of 1st period - Slapshot by Denis Grebeshkov.
11:08 of 1st period - Shot Blocked by Alex Picard.
11:10 of 1st period - Slapshot by Peter Regin.
11:10 of 1st period - Stopped by Ilya Bryzgalov without a rebound.
11:11 of 1st period - Tyler Johnson wins face-off versus Peter Regin in Red Wings zone.
11:16 of 1st period - Joni Pitkanen is hit by Ole-Kristian Tollefsen and loses puck.
11:37 of 1st period - Wrist shot by Tomas Fleischmann.
11:37 of 1st period - Shot Misses the Net.
11:39 of 1st period - Wrist shot by Chad Larose.
11:39 of 1st period - Deflect By Jiri Fischer.
11:39 of 1st period - Stopped by Ilya Bryzgalov without a rebound.
11:40 of 1st period - Patrick Kane wins face-off versus Mike Richards in Red Wings zone.
11:57 of 1st period - Minor Penalty to Rick Nash for Interference.
11:58 of 1st period - Derick Brassard wins face-off versus Tyler Johnson in Red Wings zone.
12:02 of 1st period - Wrist shot by Patrick Kane.
12:02 of 1st period - Stopped by Ilya Bryzgalov with a rebound.
12:04 of 1st period - Wrist shot by Patrick Kane.
12:04 of 1st period - Stopped by Ilya Bryzgalov with a rebound.
12:06 of 1st period - Slapshot by Derick Brassard.
12:06 of 1st period - Shot Blocked by Tyler Johnson.
12:08 of 1st period - Snap shot by Ian White.
12:08 of 1st period - Shot Misses the Net.
12:10 of 1st period - Slapshot by Joni Pitkanen.
12:10 of 1st period - Stopped by Ilya Bryzgalov without a rebound.
12:11 of 1st period - Derick Brassard wins face-off versus Mike Brown in Red Wings zone.
12:16 of 1st period - Slapshot by Derick Brassard.
12:16 of 1st period - Deflect By Patrick Kane.
12:16 of 1st period - Goal by Patrick Kane - Red Wings : 0 - Blackhawks : 1.
12:17 of 1st period - Derick Brassard wins face-off versus Tyler Johnson in neutral zone.
12:20 of 1st period - Steve Downie is hit by Antoine Roussel and loses puck.
12:51 of 1st period - Wrist shot by Ryan Hollweg.
12:51 of 1st period - Stopped by Ilya Bryzgalov with a rebound.
13:06 of 1st period - Snap shot by Kurt Sauer.
13:06 of 1st period - Shot Misses the Net.
13:08 of 1st period - Snap shot by Chad Larose.
13:08 of 1st period - Stopped by Ilya Bryzgalov with a rebound.
13:10 of 1st period - Slapshot by Chad Larose.
13:10 of 1st period - Stopped by Ilya Bryzgalov with a rebound.
13:12 of 1st period - Wrist shot by Chad Larose.
13:12 of 1st period - Shot Misses the Net.
13:32 of 1st period - Jiri Fischer is hit by Oleg Saprykin and loses puck.
14:04 of 1st period - Icing by Patrick Kane.
14:05 of 1st period - Mike Richards wins face-off versus Derick Brassard in Blackhawks zone.
14:20 of 1st period - Slapshot by Mike Richards.
14:20 of 1st period - Stopped by Jimmy Howard without a rebound.
14:21 of 1st period - Tyler Johnson wins face-off versus Jonathan Toews in Blackhawks zone.
15:32 of 1st period - Wrist shot by Ryan Hollweg.
15:32 of 1st period - Stopped by Ilya Bryzgalov with a rebound.
15:34 of 1st period - Snap shot by Jason Pominville.
15:34 of 1st period - Shot Misses the Net.
16:19 of 1st period - Snap shot by Mike Richards.
16:19 of 1st period - Stopped by Jimmy Howard with a rebound.
16:29 of 1st period - Snap shot by Antoine Roussel.
16:29 of 1st period - Stopped by Ilya Bryzgalov without a rebound.
16:30 of 1st period - Adam Henrique wins face-off versus Derick Brassard in Red Wings zone.
17:16 of 1st period - Wrist shot by Mike Richards.
17:16 of 1st period - Shot Blocked by Kurt Sauer.
17:22 of 1st period - Shea Weber is hit by Denis Grebeshkov and loses puck.
17:37 of 1st period - Kyle Brodziak is hit by Tye McGinn and loses puck.
17:46 of 1st period - Wrist shot by Mike Brown.
17:46 of 1st period - Deflect By Nate Thompson.
17:46 of 1st period - Stopped by Jimmy Howard with a rebound.
18:24 of 1st period - Snap shot by Steve Downie.
18:24 of 1st period - Stopped by Jimmy Howard with a rebound.
18:50 of 1st period - Wrist shot by Jonathan Toews.
18:50 of 1st period - Stopped by Ilya Bryzgalov without a rebound.
18:51 of 1st period - Tyler Johnson wins face-off versus Patrick Kane in Red Wings zone.
18:51 of 1st period - Tyler Johnson is hit by Derick Brassard.
19:50 of 1st period - Backhand shot by Peter Regin.
19:50 of 1st period - Stopped by Ilya Bryzgalov with a rebound.
19:52 of 1st period - Wrist shot by Chad Larose.
19:52 of 1st period - Stopped by Ilya Bryzgalov with a rebound.
Goals for this period are 0 for Red Wings vs 1 for Blackhawks.
Shots for this period are 11 for Red Wings vs 17 for Blackhawks.

2nd period


0:01 of 2nd period - Derick Brassard wins face-off versus Rick Nash in neutral zone.
0:35 of 2nd period - Snap shot by Ales Hemsky.
0:35 of 2nd period - Stopped by Jimmy Howard without a rebound.
0:36 of 2nd period - Derick Brassard wins face-off versus Tyler Johnson in Blackhawks zone.
0:47 of 2nd period - Backhand shot by Patrick Kane.
0:47 of 2nd period - Deflect By Antoine Roussel.
0:47 of 2nd period - Shot Misses the Net.
0:47 of 2nd period - Puck is out of play.
0:48 of 2nd period - Mike Richards wins face-off versus Derick Brassard in Red Wings zone.
0:52 of 2nd period - Minor Penalty to Antoine Roussel for Holding.
0:53 of 2nd period - Mike Richards wins face-off versus Peter Regin in Blackhawks zone.
2:01 of 2nd period - Wrist shot by Sean Bergenheim.
2:01 of 2nd period - Stopped by Jimmy Howard without a rebound.
2:02 of 2nd period - Mike Richards wins face-off versus Peter Regin in Blackhawks zone.
2:07 of 2nd period - Wrist shot by Rick Nash.
2:07 of 2nd period - Stopped by Jimmy Howard without a rebound.
2:08 of 2nd period - Mike Richards wins face-off versus Peter Regin in Blackhawks zone.
2:52 of 2nd period - Penalty to Antoine Roussel is over, Antoine Roussel is back on ice.
3:06 of 2nd period - Antoine Roussel is hit by Nate Thompson and loses puck.
3:20 of 2nd period - Icing by Brendan Bell.
3:21 of 2nd period - Derick Brassard wins face-off versus Adam Henrique in Red Wings zone.
3:28 of 2nd period - Snap shot by Patrick Kane.
3:28 of 2nd period - Stopped by Ilya Bryzgalov with a rebound.
4:01 of 2nd period - Snap shot by Rick Nash.
4:01 of 2nd period - Shot Misses the Net.
4:03 of 2nd period - Snap shot by Phil Kessel.
4:03 of 2nd period - Stopped by Jimmy Howard with a rebound.
4:05 of 2nd period - Slapshot by Brendan Bell.
4:05 of 2nd period - Shot Blocked by Tomas Fleischmann.
4:09 of 2nd period - Snap shot by Phil Kessel.
4:09 of 2nd period - Shot Blocked by Chad Larose.
4:11 of 2nd period - Slapshot by Tim Ramholt.
4:11 of 2nd period - Stopped by Jimmy Howard without a rebound.
4:12 of 2nd period - Derick Brassard wins face-off versus Tyler Johnson in Blackhawks zone.
4:28 of 2nd period - Jiri Fischer is hit by Derick Brassard and loses puck.
4:47 of 2nd period - Wrist shot by Jonathan Toews.
4:47 of 2nd period - Shot Misses the Net.
4:49 of 2nd period - Slapshot by Jason Pominville.
4:49 of 2nd period - Shot Blocked by Rick Nash.
5:11 of 2nd period - Slapshot by Kyle Brodziak.
5:11 of 2nd period - Stopped by Ilya Bryzgalov with a rebound.
6:27 of 2nd period - Wrist shot by Nate Thompson.
6:27 of 2nd period - Stopped by Jimmy Howard without a rebound.
6:28 of 2nd period - Nate Thompson wins face-off versus Kyle Brodziak in Blackhawks zone.
6:29 of 2nd period - Snap shot by Mike Brown.
6:29 of 2nd period - Shot Misses the Net.
7:13 of 2nd period - Snap shot by Oleg Saprykin.
7:13 of 2nd period - Deflect By Carson Mcmillan.
7:13 of 2nd period - Stopped by Ilya Bryzgalov with a rebound.
7:15 of 2nd period - Wrist shot by Carson Mcmillan.
7:15 of 2nd period - Stopped by Ilya Bryzgalov with a rebound.
7:17 of 2nd period - Snap shot by Oleg Saprykin.
7:17 of 2nd period - Goal by Oleg Saprykin - Red Wings : 0 - Blackhawks : 2.
7:18 of 2nd period - Derick Brassard wins face-off versus Phil Kessel in neutral zone.
7:25 of 2nd period - Mike Richards is hit by Patrick Kane.
7:52 of 2nd period - Slapshot by Tyler Johnson.
7:52 of 2nd period - Stopped by Jimmy Howard with a rebound.
8:14 of 2nd period - Slapshot by Nate Thompson.
8:14 of 2nd period - Shot Misses the Net.
8:16 of 2nd period - Slapshot by Ole-Kristian Tollefsen.
8:16 of 2nd period - Goal by Ole-Kristian Tollefsen - Red Wings : 1 - Blackhawks : 2.
8:17 of 2nd period - Tyler Johnson wins face-off versus Derick Brassard in neutral zone.
8:48 of 2nd period - Off-side.
8:49 of 2nd period - Mike Richards wins face-off versus Jonathan Toews in neutral zone.
9:02 of 2nd period - Slapshot by Mike Richards.
9:02 of 2nd period - Stopped by Jimmy Howard with a rebound.
9:04 of 2nd period - Slapshot by Mike Richards.
9:04 of 2nd period - Goal by Mike Richards - Red Wings : 2 - Blackhawks : 2.
9:05 of 2nd period - Tyler Johnson wins face-off versus Derick Brassard in neutral zone.
9:17 of 2nd period - Wrist shot by Steve Downie.
9:17 of 2nd period - Shot Misses the Net.
9:19 of 2nd period - Slapshot by Filip Kuba.
9:19 of 2nd period - Stopped by Jimmy Howard without a rebound.
9:20 of 2nd period - Mike Richards wins face-off versus Jonathan Toews in Blackhawks zone.
9:28 of 2nd period - Minor Penalty to Jason Pominville for Holding.
9:29 of 2nd period - Peter Regin wins face-off versus Mike Richards in Blackhawks zone.
9:29 of 2nd period - Peter Regin is hit by Mike Richards.
9:44 of 2nd period - Snap shot by Mike Richards.
9:44 of 2nd period - Stopped by Jimmy Howard without a rebound.
9:45 of 2nd period - Mike Richards wins face-off versus Peter Regin in Blackhawks zone.
9:48 of 2nd period - Snap shot by Phil Kessel.
9:48 of 2nd period - Stopped by Jimmy Howard with a rebound.
9:50 of 2nd period - Minor Penalty to Joni Pitkanen for Tripping.
9:51 of 2nd period - Rick Nash wins face-off versus Peter Regin in Blackhawks zone.
10:02 of 2nd period - Slapshot by Phil Kessel.
10:02 of 2nd period - Goal by Phil Kessel - Red Wings : 3 - Blackhawks : 2.
10:03 of 2nd period - Peter Regin wins face-off versus Mike Richards in neutral zone.
10:12 of 2nd period - Snap shot by Chad Larose.
10:12 of 2nd period - Stopped by Ilya Bryzgalov without a rebound.
10:13 of 2nd period - Mike Richards wins face-off versus Peter Regin in Red Wings zone.
11:03 of 2nd period - Wrist shot by Phil Kessel.
11:03 of 2nd period - Goal by Phil Kessel - Red Wings : 4 - Blackhawks : 2.
11:04 of 2nd period - Derick Brassard wins face-off versus Tyler Johnson in neutral zone.
11:20 of 2nd period - Backhand shot by Sean Bergenheim.
11:20 of 2nd period - Shot Misses the Net.
11:30 of 2nd period - Ales Hemsky is hit by Jason Pominville and loses puck.
12:23 of 2nd period - Tomas Fleischmann is hit by Mike Richards and loses puck.
13:03 of 2nd period - Snap shot by Alex Picard.
13:03 of 2nd period - Stopped by Jimmy Howard with a rebound.
13:38 of 2nd period - Slapshot by Tomas Fleischmann.
13:38 of 2nd period - Shot Blocked by Phil Kessel.
14:11 of 2nd period - Wrist shot by Jason Pominville.
14:11 of 2nd period - Stopped by Ilya Bryzgalov without a rebound.
14:12 of 2nd period - Jonathan Toews wins face-off versus Mike Richards in Red Wings zone.
14:25 of 2nd period - Ole-Kristian Tollefsen is hit by Jonathan Toews and loses puck.
14:42 of 2nd period - Slapshot by Kurt Sauer.
14:42 of 2nd period - Deflect By Patrick Kane.
14:42 of 2nd period - Shot Misses the Net.
14:42 of 2nd period - Puck is out of play.
14:43 of 2nd period - Tyler Johnson wins face-off versus Derick Brassard in Red Wings zone.
14:43 of 2nd period - Tyler Johnson is hit by Antoine Roussel.
15:38 of 2nd period - Snap shot by Alex Picard.
15:38 of 2nd period - Stopped by Jimmy Howard with a rebound.
16:01 of 2nd period - Snap shot by Derick Brassard.
16:01 of 2nd period - Shot Misses the Net.
16:15 of 2nd period - Filip Kuba is hit by Joni Pitkanen.
16:19 of 2nd period - Shea Weber is hit by Denis Grebeshkov and loses puck.
16:28 of 2nd period - Tyler Johnson is hit by Peter Regin and loses puck.
16:46 of 2nd period - Off-side.
16:47 of 2nd period - Mike Richards wins face-off versus Jonathan Toews in neutral zone.
17:14 of 2nd period - Slapshot by Nate Thompson.
17:14 of 2nd period - Shot Hit the Post.
17:16 of 2nd period - Slapshot by Nate Thompson.
17:16 of 2nd period - Deflect By Mike Brown.
17:16 of 2nd period - Shot Blocked by Antoine Roussel.
17:16 of 2nd period - Puck is out of play.
17:17 of 2nd period - Derick Brassard wins face-off versus Nate Thompson in Blackhawks zone.
17:22 of 2nd period - Snap shot by Antoine Roussel.
17:22 of 2nd period - Stopped by Ilya Bryzgalov with a rebound.
17:28 of 2nd period - Patrick Kane is hit by Tye McGinn.
17:44 of 2nd period - Mike Brown is hit by Peter Regin and loses puck.
18:06 of 2nd period - Icing by Ian White.
18:07 of 2nd period - Peter Regin wins face-off versus Mike Richards in Blackhawks zone.
18:53 of 2nd period - Off-side.
18:54 of 2nd period - Adam Henrique wins face-off versus Jonathan Toews in neutral zone.
19:05 of 2nd period - Snap shot by Alex Picard.
19:05 of 2nd period - Stopped by Jimmy Howard with a rebound.
19:23 of 2nd period - Slapshot by Sean Bergenheim.
19:23 of 2nd period - Stopped by Jimmy Howard without a rebound.
19:24 of 2nd period - Derick Brassard wins face-off versus Tyler Johnson in Blackhawks zone.
19:24 of 2nd period - Derick Brassard is hit by Steve Downie.
19:36 of 2nd period - Patrick Kane is hit by Steve Downie and loses puck.
19:53 of 2nd period - Wrist shot by Ole-Kristian Tollefsen.
19:53 of 2nd period - Stopped by Jimmy Howard without a rebound.
19:54 of 2nd period - Jonathan Toews wins face-off versus Adam Henrique in Blackhawks zone.
Goals for this period are 4 for Red Wings vs 1 for Blackhawks.
Shots for this period are 20 for Red Wings vs 8 for Blackhawks.

3rd period


0:01 of 3rd period - Derick Brassard wins face-off versus Mike Richards in neutral zone.
0:59 of 3rd period - Snap shot by Tomas Fleischmann.
0:59 of 3rd period - Stopped by Ilya Bryzgalov with a rebound.
1:03 of 3rd period - Wrist shot by Peter Regin.
1:03 of 3rd period - Stopped by Ilya Bryzgalov with a rebound.
1:10 of 3rd period - Icing by Ales Hemsky.
1:11 of 3rd period - Alex Picard wins face-off versus Kyle Brodziak in Red Wings zone.
1:11 of 3rd period - Alex Picard is hit by Denis Grebeshkov.
1:32 of 3rd period - Minor Penalty to Derick Brassard for Goalie Interference.
1:33 of 3rd period - Peter Regin wins face-off versus Mike Richards in Blackhawks zone.
2:05 of 3rd period - Jonathan Toews is hit by Sean Bergenheim and loses puck.
2:54 of 3rd period - Phil Kessel is hit by Kurt Sauer and loses puck.
3:32 of 3rd period - Penalty to Derick Brassard is over, Derick Brassard is back on ice.
3:39 of 3rd period - Slapshot by Ian White.
3:39 of 3rd period - Shot Blocked by Shea Weber.
3:43 of 3rd period - Wrist shot by Derick Brassard.
3:43 of 3rd period - Stopped by Ilya Bryzgalov with a rebound.
3:45 of 3rd period - Wrist shot by Derick Brassard.
3:45 of 3rd period - Shot Misses the Net.
3:47 of 3rd period - Snap shot by Ryan Hollweg.
3:47 of 3rd period - Stopped by Ilya Bryzgalov with a rebound.
3:49 of 3rd period - Snap shot by Ryan Hollweg.
3:49 of 3rd period - Stopped by Ilya Bryzgalov with a rebound.
3:51 of 3rd period - Slapshot by Derick Brassard.
3:51 of 3rd period - Stopped by Ilya Bryzgalov without a rebound.
3:52 of 3rd period - Mike Brown wins face-off versus Derick Brassard in Red Wings zone.
4:34 of 3rd period - Minor Penalty to Kurt Sauer for Roughing.
4:35 of 3rd period - Peter Regin wins face-off versus Mike Richards in Blackhawks zone.
4:35 of 3rd period - Peter Regin is hit by Ole-Kristian Tollefsen.
5:15 of 3rd period - Wrist shot by Mike Richards.
5:15 of 3rd period - Goal by Mike Richards - Red Wings : 5 - Blackhawks : 2.
5:16 of 3rd period - Tyler Johnson wins face-off versus Derick Brassard in neutral zone.
5:52 of 3rd period - Slapshot by Denis Grebeshkov.
5:52 of 3rd period - Shot Misses the Net.
5:54 of 3rd period - Slapshot by Denis Grebeshkov.
5:54 of 3rd period - Stopped by Ilya Bryzgalov with a rebound.
6:26 of 3rd period - Joni Pitkanen is hit by Shea Weber.
6:30 of 3rd period - Wrist shot by Ian White.
6:30 of 3rd period - Deflect By Peter Regin.
6:30 of 3rd period - Shot Blocked by Shea Weber.
6:30 of 3rd period - Puck is out of play.
6:31 of 3rd period - Adam Henrique wins face-off versus Derick Brassard in Red Wings zone.
6:31 of 3rd period - Adam Henrique is hit by Derick Brassard.
7:15 of 3rd period - Minor Penalty to Tomas Fleischmann for Tripping.
7:16 of 3rd period - Peter Regin wins face-off versus Mike Richards in Blackhawks zone.
7:25 of 3rd period - Slapshot by Shea Weber.
7:25 of 3rd period - Stopped by Jimmy Howard with a rebound.
7:43 of 3rd period - Ole-Kristian Tollefsen is hit by Carson Mcmillan and loses puck.
9:15 of 3rd period - Penalty to Tomas Fleischmann is over, Tomas Fleischmann is back on ice.
9:19 of 3rd period - Snap shot by Alex Picard.
9:19 of 3rd period - Shot Misses the Net.
9:39 of 3rd period - Snap shot by Patrick Kane.
9:39 of 3rd period - Shot Misses the Net.
9:57 of 3rd period - Sean Bergenheim is hit by Joni Pitkanen and loses puck.
10:12 of 3rd period - Brendan Bell is hit by Ian White and loses puck.
10:27 of 3rd period - Slapshot by Adam Henrique.
10:27 of 3rd period - Shot Blocked by Dave Tanabe.
10:43 of 3rd period - Peter Regin is hit by Rick Nash.
11:24 of 3rd period - Joni Pitkanen is hit by Filip Kuba.
11:41 of 3rd period - Jason Pominville is hit by Phil Kessel and loses puck.
12:06 of 3rd period - Snap shot by Derick Brassard.
12:06 of 3rd period - Stopped by Ilya Bryzgalov without a rebound.
12:07 of 3rd period - Patrick Kane wins face-off versus Mike Richards in Red Wings zone.
12:08 of 3rd period - Snap shot by Antoine Roussel.
12:08 of 3rd period - Shot Blocked by Mike Richards.
12:20 of 3rd period - Snap shot by Patrick Kane.
12:20 of 3rd period - Shot Misses the Net.
12:22 of 3rd period - Slapshot by Kurt Sauer.
12:22 of 3rd period - Shot Blocked by Shea Weber.
12:24 of 3rd period - Wrist shot by Dave Tanabe.
12:24 of 3rd period - Deflect By Filip Kuba.
12:24 of 3rd period - Stopped by Ilya Bryzgalov without a rebound.
12:25 of 3rd period - Peter Regin wins face-off versus Tyler Johnson in Red Wings zone.
12:34 of 3rd period - Snap shot by Tomas Fleischmann.
12:34 of 3rd period - Shot Blocked by Jiri Fischer.
12:36 of 3rd period - Slapshot by Ryan O'Byrne.
12:36 of 3rd period - Shot Misses the Net.
12:38 of 3rd period - Slapshot by Tomas Fleischmann.
12:38 of 3rd period - Shot Blocked by Ole-Kristian Tollefsen.
12:40 of 3rd period - Wrist shot by Chad Larose.
12:40 of 3rd period - Stopped by Ilya Bryzgalov without a rebound.
12:41 of 3rd period - Derick Brassard wins face-off versus Rick Nash in Red Wings zone.
12:42 of 3rd period - Snap shot by Patrick Kane.
12:42 of 3rd period - Shot Misses the Net.
14:41 of 3rd period - Slapshot by Patrick Kane.
14:41 of 3rd period - Stopped by Ilya Bryzgalov without a rebound.
14:42 of 3rd period - Jonathan Toews wins face-off versus Phil Kessel in Red Wings zone.
14:45 of 3rd period - Snap shot by Jonathan Toews.
14:45 of 3rd period - Deflect By Jason Pominville.
14:45 of 3rd period - Stopped by Ilya Bryzgalov with a rebound.
15:33 of 3rd period - Shea Weber is hit by Kyle Brodziak and loses puck.
16:08 of 3rd period - Denis Grebeshkov is hit by Shea Weber and loses puck.
17:05 of 3rd period - Slapshot by Oleg Saprykin.
17:05 of 3rd period - Deflect By Carson Mcmillan.
17:05 of 3rd period - Goal by Carson Mcmillan - Red Wings : 5 - Blackhawks : 3.
17:06 of 3rd period - Peter Regin wins face-off versus Adam Henrique in neutral zone.
17:11 of 3rd period - Slapshot by Tomas Fleischmann.
17:11 of 3rd period - Stopped by Ilya Bryzgalov with a rebound.
17:13 of 3rd period - Slapshot by Joni Pitkanen.
17:13 of 3rd period - Shot Misses the Net.
17:15 of 3rd period - Slapshot by Joni Pitkanen.
17:15 of 3rd period - Shot Blocked by Jiri Fischer.
17:17 of 3rd period - Slapshot by Joni Pitkanen.
17:17 of 3rd period - Stopped by Ilya Bryzgalov without a rebound.
17:18 of 3rd period - Adam Henrique wins face-off versus Peter Regin in Red Wings zone.
17:43 of 3rd period - Patrick Kane is hit by Ole-Kristian Tollefsen and loses puck.
17:51 of 3rd period - Snap shot by Mike Richards.
17:51 of 3rd period - Stopped by Jimmy Howard with a rebound.
17:53 of 3rd period - Slapshot by Phil Kessel.
17:53 of 3rd period - Shot Misses the Net.
17:55 of 3rd period - Wrist shot by Phil Kessel.
17:55 of 3rd period - Stopped by Jimmy Howard with a rebound.
18:35 of 3rd period - Snap shot by Oleg Saprykin.
18:35 of 3rd period - Shot Misses the Net.
19:20 of 3rd period - Slapshot by Ole-Kristian Tollefsen.
19:20 of 3rd period - Shot Misses the Net.
Goals for this period are 1 for Red Wings vs 1 for Blackhawks.
Shots for this period are 4 for Red Wings vs 15 for Blackhawks.